 Dungeon Crawl Stone Soup version 0.22.1-1-ga44c0e5 (webtiles) character file.

326 manon the Cudgeler (level 6, -12/37 HPs)
             Began as a Gargoyle Fighter on Sept 27, 2018.
             Was a Follower of Ru.
             Mangled by an ogre
             ... wielding a +0 giant club
              (30 damage)
             ... on level 3 of the Dungeon.
             The game lasted 00:12:35 (2932 turns).

manon the Cudgeler (Gargoyle Fighter)               Turns: 2932, Time: 00:12:36

Health: -12/37     AC:  6    Str: 19    XL:     6   Next: 49%
Magic:  6/6        EV:  7    Int: 11    God:    Ru [*.....]
Gold:   256        SH:  9    Dex:  9    Spells: 5/5 levels left

rFire    . . .     SeeInvis .   a - +0 flail
rCold    . . .     Gourm    .   c - +0 shield
rNeg     + . .     Faith    .   b - +0 scale mail
rPois    ∞         Spirit   .   (no helmet)
rElec    +         Reflect  .   (no cloak)
rCorr    .         Harm     .   (no gloves)
MR       .....                  (no boots)
Stlth    ..........             g - amulet of the acrobat
HPRegen  0.12/turn              (no ring)
MPRegen  0.10/turn              (no ring)

@: no status effects
A: negative energy resistance 1, electricity resistance, unbreathing,
petrification resistance, rot immunity, reduced AC 1, AC +4
a: Renounce Religion


You were on level 3 of the Dungeon.
You worshipped Ru.
Ru was aware of your devotion.
You were very hungry.

You visited 1 branch of the dungeon, and saw 4 of its levels.

You collected 256 gold pieces.

Inventory:

Hand Weapons
 a - a +0 flail (weapon)
Missiles
 l - 11 bolts
Armour
 b - a +0 scale mail (worn)
 c - a +0 shield (worn)
Jewellery
 g - an amulet of the acrobat (around neck)
Scrolls
 e - a scroll of teleportation {unknown}
 i - 2 scrolls of remove curse
 k - a scroll of identify
 o - a scroll of enchant weapon {unknown}
 p - a scroll of magic mapping {unknown}
 s - a scroll of blinking {unknown}
Potions
 d - a potion of might
 h - 3 potions of curing
 j - 2 potions of heal wounds
 m - 2 potions of ambrosia
 n - a potion of degeneration
 q - a potion of resistance
Comestibles
 f - 5 rations


   Skills:
 - Level 3.2 Fighting
 + Level 6.7 Maces & Flails
 - Level 3.2 Armour
 - Level 3.2 Shields


You had 5 spell levels left.
You didn't know any spells.
Your spell library was empty.

Dungeon Overview and Level Annotations

Branches:
Dungeon (4/15)
 Temple: D:4-7

Altars:
Ashenzari
Ru

Annotations:
D:3 2 transporters, Zanta616's ghost, amateur NaTm


Innate Abilities, Weirdness & Mutations

You are resistant to torment.
Your stone body is resilient. (AC +4)
You are immune to poison.
You resist negative energy. (rN+)
You are resistant to electric shocks. (rElec)
You can survive without breathing.
You are immune to petrification.
You are immune to rotting.
You take slightly more damage. (AC -5)


Message History

There is a stone staircase leading up here.
The ogre hits you with a giant club! The gnoll barely misses you.
You climb upwards.
Level annotation: 2 transporters, Zanta616's ghost, amateur NaTm
There is a stone staircase leading down here.
You are too injured to fight recklessly!
You are too injured to fight recklessly!
You sock the ogre!
The ogre is heavily wounded.
You block the ogre's attack.
Your shield and scale mail prevent you from hitting the ogre.
The ogre is heavily wounded.
You hit the ogre.
The ogre is severely wounded.
The ogre barely misses you.
You barely miss the ogre.
The ogre is severely wounded.
The ogre hits you with a giant club!!
Ouch! That really hurt!
You die...

#.# #.## #.# #.# #..# #.#
#.# ##.# #.# #<# #.# #.#
#.# #.# #.# #.# #.# #.#
#.##############.# #..
#.............##)## ##.
######..####.)@...# #####.
#.....##.O##.#########.....
#......#...............###.
#.#....#.############......
#.##...#.# #..####
#......#.# #..# ####.#.#.#
#..# #.#)#.# #..# #.#.#.#
#(.#


You could see an ogre.

Vanquished Creatures
  An orc priest (D:3)
  A hound (D:4)
  A centaur skeleton (D:4)
  A gnoll shaman (D:4)
  An iguana (D:4)
  An orc wizard (D:4)
  4 gnolls (D:4)
  3 adders
  An ooze (D:3)
  3 dart slugs
  3 leopard geckos
  9 orcs
  7 bats
  A giant cockroach (D:4)
  9 goblins
  3 hobgoblins (D:1)
  6 jackals
  A quokka (D:2)
  A ball python (D:2)
  5 frilled lizards
  2 kobolds (D:3)
  11 rats
75 creatures vanquished.

Vanquished Creatures (others)
  A gnoll (D:3)
1 creature vanquished.

Grand Total: 76 creatures vanquished

Notes
Turn   | Place    | Note
-------+----------+-------------------------------------------
     0 | D:1      | manon the Gargoyle Fighter began the quest for the Orb.
     0 | D:1      | Reached XP level 1. HP: 14/14 MP: 1/1
    82 | D:1      | Reached XP level 2. HP: 17/19 MP: 2/2
   148 | D:1      | Reached skill level 3 in Maces & Flails
   373 | D:1      | Reached XP level 3. HP: 23/23 MP: 3/3
   388 | D:2      | Found a shattered altar of Ashenzari.
   449 | D:2      | Found a sacrificial altar of Ru.
  1470 | D:2      | Became a worshipper of Ru the Awakened
  1590 | D:3      | Noticed Zanta616's ghost (amateur NaTm)
  1595 | D:3      | Found a transporter.
  1597 | D:3      | Found a transporter.
  1714 | D:3      | Reached skill level 4 in Maces & Flails
  1765 | D:3      | Reached XP level 4. HP: 28/28 MP: 4/4
  2108 | D:3      | Reached skill level 5 in Maces & Flails
  2225 | D:4      | Reached XP level 5. HP: 32/32 MP: 5/5
  2469 | D:4      | Reached skill level 6 in Maces & Flails
  2472 | D:4      | Reached XP level 6. HP: 37/37 MP: 6/6
  2687 | D:4      | Gained mutation: You take slightly more damage. (AC -5) [Ru
                  | sacrifice]
  2687 | D:4      | Reached * piety under Ru
  2932 | D:3      | Mangled by an ogre

Skill      XL: |  1  2  3  4  5 |
---------------+----------------+-----
Maces & Flails | 3 4 5 6 |  6.7
Fighting       | |  3.2
Armour         | |  3.2
Shields        | |  3.2

Action                   |  1- 3 |  4- 6 || total
-------------------------+-------+-------++-------
Melee: Flail             |   135 |   178 ||   313
Invok: Sacrifice Health  |       |     1 ||     1
  Use: Scroll            |       |     7 ||     7
  Eat: Chunk             |     2 |     4 ||     6
Armor: Scale mail        |    73 |    91 ||   164
Dodge: Dodged            |    49 |    57 ||   106
Block: Shield            |    68 |    99 ||   167
